 Dungeon Crawl Stone Soup version 0.26.0-15-gc6cd9f700b (webtiles) character file.

Game seed: 13087650921819356256

4428 howech the Cruncher (level 10, -17/86 HPs)
             Began as a Minotaur Gladiator on Jan 16, 2021.
             Was a High Priest of Cheibriados.
             Demolished by a two-headed ogre
             ... wielding a +0 giant club
              (22 damage)
             ... on level 9 of the Dungeon.
             The game lasted 00:13:41 (8538 turns).

howech the Cruncher (Minotaur Gladiator)            Turns: 8538, Time: 00:13:41

Health: -17/86     AC: 12    Str: 38    XL:     10   Next: 14%
Magic:  11/11      EV: 15    Int: 18    God:    Cheibriados [*****.]
Gold:   457        SH:  0    Dex: 31    Spells: 9/9 levels left

rFire    + . .     SeeInvis .   a - +1 quarterstaff
rCold    + . .     Faith    .   (shield currently unavailable)
rNeg     . . .     Spirit   .   z - +0 plate armour
rPois    .         Reflect  .   c - +0 hat
rElec    .         Harm     .   O - scarf {rC+ rF+}
rCorr    .         Rampage  .   (no gloves)
Will     .....                  (no boots)
Stlth    ..........             (no amulet)
HPRegen  0.24/turn              k - +6 ring of strength
MPRegen  0.12/turn              i - +6 ring of dexterity

@: very slow
A: retaliatory headbutt, horns 2
a: Renounce Religion, Bend Time, Temporal Distortion, Slouch, Step From Time


You were on level 9 of the Dungeon.
You worshipped Cheibriados.
Cheibriados was extremely pleased with you.
You visited 2 branches of the dungeon, and saw 10 of its levels.
You also visited: Sewer.

You collected 457 gold pieces.

Inventory:

Hand Weapons
 a - a +1 quarterstaff (weapon)
Missiles
 d - 2 throwing nets (quivered)
 s - 29 poisoned darts
 v - 8 atropa-tipped darts
 w - 8 boomerangs
 D - 7 javelins
 N - 2 silver boomerangs
Armour
 b - a +0 leather armour
 c - a +0 hat (worn)
 u - a +0 scale mail
 z - a +0 plate armour (worn)
 O - a scarf of resistance (worn)
Jewellery
 i - a +6 ring of dexterity (right hand)
 j - an uncursed amulet of magic regeneration
 k - a +6 ring of strength (left hand)
 p - an uncursed ring of ice
 q - an uncursed ring of magical power
 r - an uncursed ring of stealth
 G - a cursed -4 ring of evasion
 H - an uncursed amulet of guardian spirit {unknown}
Wands
 h - a wand of disintegration (15)
 A - a wand of paralysis (4)
 B - a wand of flame (31)
 M - a wand of polymorph (11)
Scrolls
 g - 3 scrolls of enchant weapon
 n - 4 scrolls of remove curse
 o - 2 scrolls of fog
 x - 2 scrolls of teleportation
 y - 3 scrolls of blinking
 I - 2 scrolls of identify
 J - a scroll of magic mapping {unknown}
 P - 2 scrolls of amnesia {unknown}
Potions
 e - a potion of invisibility
 f - 8 potions of curing
 l - 2 potions of attraction
 m - 2 potions of brilliance
 t - a potion of resistance
 C - 2 potions of heal wounds
 E - 3 potions of might
 F - 4 potions of flight
 K - a potion of berserk rage {unknown}
 L - a potion of mutation {unknown}


   Skills:
 + Level 7.0 Fighting
 * Level 10.3 Staves
 + Level 5.8 Throwing
 + Level 6.3 Armour
 + Level 7.1 Dodging
 + Level 3.5 Invocations
 + Level 3.2 Evocations


You had 9 spell levels left.
You didn't know any spells.
Your spell library was empty.

Dungeon Overview and Level Annotations

Branches:
Dungeon (9/15)             Temple (1/1) D:4           Sewer (visited)
   Lair: D:8-11         Orc: D:9-12

Altars:
Cheibriados
Elyvilon
Okawaru
Trog
Uskayaw
Yredelemnul

Shops:
D:8 **

Annotations:
D:5 3 runed translucent doors, Snicker's ghost, weakling DsDe
D:6 2 exclusions
D:9 Psyche


Innate Abilities, Weirdness & Mutations

You reflexively headbutt those who attack you in melee.
You have a pair of horns on your head.


Message History

The ice beast misses you.
The two-headed ogre hits you with a +0 giant club!
The two-headed ogre hits you with a +0 giant spiked club!!
The ice beast hits you but does no damage.
The two-headed ogre hits you with a +0 giant club!!
The two-headed ogre misses you.
You hear some strange, mumbled words.
The ice beast hits you but does no damage.
The two-headed ogre hits you with a +0 giant club.
The two-headed ogre misses you. The ice beast misses you.
The ice beast hits you but does no damage.
The two-headed ogre hits you with a +0 giant club!!
* * * LOW HITPOINT WARNING * * *
The two-headed ogre hits you with a +0 giant spiked club!
* * * LOW HITPOINT WARNING * * *
The ice beast hits you but does no damage.
The two-headed ogre misses you.
The two-headed ogre hits you with a +0 giant spiked club!!
You die...

......................†........
#.#............####.........##
.>............# #..####...#
#.#.#.........<# #..# #...#
..............# #..# #...##
.#.#.#..........# #..# #.....
................# #..# #.....
.#.#.........Y..####..####.....
.............O@................
........#######################
#########


You could see a two-headed ogre and an ice beast.

Vanquished Creatures
  Prince Ribbit (D:7)
  A wyvern (D:8)
  A steam dragon (D:8)
  Eustachio (D:5)
  A sky beast (D:5)
  A phantom (D:8)
  A black bear (D:8)
  7 ogres
  3 centaurs
  3 big kobolds (Sewer)
  8 bullfrogs
  A wyvern zombie (D:8)
  A scorpion (D:8)
  12 wights
  2 howler monkeys
  A vampire bat (D:7)
  A hound (D:4)
  7 orc wizards
  8 orc priests
  4 bullfrog skeletons
  Ijyb (D:5)
  Natasha (thrice) (D:3)
  8 worker ants
  A hound zombie (D:8)
  3 worker ant zombies
  8 adders
  A howler monkey skeleton (D:7)
  6 river rats
  A shadow imp (D:8)
  A white imp (D:6)
  3 ufetubi
  2 oozes
  An adder zombie (D:8)
  An adder skeleton (D:5)
  2 worms
  5 dart slugs (D:1)
  6 leopard geckos
  21 orcs
  15 bats
  2 giant cockroaches
  8 goblins
  12 hobgoblins
  13 jackals
  19 kobolds
  6 quokkas
  6 ball pythons (Sewer)
  5 frilled lizards
  27 rats
252 creatures vanquished.

Vanquished Creatures (others)
  An orc wizard (D:8)
  A plant (D:6)
2 creatures vanquished.

Grand Total: 254 creatures vanquished

Notes
Turn   | Place    | Note
-------+----------+-------------------------------------------
     0 | D:1      | howech the Minotaur Gladiator began the quest for the Orb.
     0 | D:1      | Reached XP level 1. HP: 18/18 MP: 0/0
    81 | D:1      | Reached skill level 4 in Staves
    81 | D:1      | Reached XP level 2. HP: 24/25 MP: 1/1
   351 | D:1      | Reached XP level 3. HP: 29/30 MP: 2/2
  1161 | D:2      | Found a bloodstained altar of Trog.
  1213 | D:2      | Reached XP level 4. HP: 37/37 MP: 3/3
  1709 | D:3      | Noticed Natasha
  1715 | D:3      | Killed Natasha
  1716 | D:3      | Reached skill level 5 in Staves
  1716 | D:3      | Reached skill level 1 in Armour
  2034 | D:3      | Noticed Natasha
  2039 | D:3      | Killed Natasha
  2040 | D:3      | Reached XP level 5. HP: 45/45 MP: 4/4
  2207 | D:3      | Noticed Natasha
  2214 | D:3      | Killed Natasha
  2753 | D:4      | Found a glowing drain.
  2765 | Sewer    | Entered a sewer
  2928 | Sewer    | Reached XP level 6. HP: 52/52 MP: 5/5
  2991 | Sewer    | Reached skill level 6 in Staves
  3542 | Sewer    | Reached XP level 7. HP: 57/59 MP: 6/6
  4028 | D:4      | Found a staircase to the Ecumenical Temple.
  4034 | Temple   | Entered the Ecumenical Temple
  4050 | Temple   | Became a worshipper of Cheibriados the Contemplative
  4084 | D:4      | Reached skill level 5 in Dodging
  4088 | D:4      | Found a bloodstained altar of Trog.
  4485 | D:4      | Reached skill level 7 in Staves
  4792 | D:4      | Reached * piety under Cheibriados
  4976 | D:5      | Entered Level 5 of the Dungeon
  4992 | D:5      | Noticed Eustachio
  5046 | D:5      | Killed Eustachio
  5158 | D:5      | Noticed Ijyb
  5167 | D:5      | Killed Ijyb
  5168 | D:5      | Reached XP level 8. HP: 67/67 MP: 7/7
  5221 | D:5      | Reached skill level 5 in Fighting
  5456 | D:5      | Reached skill level 8 in Staves
  5582 | D:5      | Reached ** piety under Cheibriados
  5789 | D:5      | Found a runed translucent gate.
  5789 | D:5      | Found a runed translucent gate.
  5789 | D:5      | Found a runed translucent gate.
  5800 | D:5      | Noticed Snicker's ghost (weakling DsDe)
  6166 | D:6      | Reached skill level 1 in Invocations
  6177 | D:6      | Reached skill level 1 in Evocations
  6821 | D:7      | Noticed Prince Ribbit
  6832 | D:7      | Killed Prince Ribbit
  6833 | D:7      | Reached skill level 9 in Staves
  6833 | D:7      | Reached skill level 5 in Armour
  6833 | D:7      | Reached XP level 9. HP: 31/75 MP: 9/9
  7055 | D:7      | Reached skill level 5 in Throwing
  7067 | D:7      | Reached *** piety under Cheibriados
  7471 | D:8      | Reached **** piety under Cheibriados
  7616 | D:8      | Found Hoplaewk's Assorted Antiques.
  7798 | D:8      | Reached skill level 10 in Staves
  7937 | D:8      | Found Turhosch's Assorted Antiques.
  7975 | D:8      | Reached XP level 10. HP: 74/84 MP: 11/11
  7979 | D:8      | Reached ***** piety under Cheibriados
  8451 | D:9      | Found an iron altar of Okawaru.
  8525 | D:9      | Noticed a two-headed ogre
  8527 | D:9      | Noticed Psyche
  8536 | D:9      | HP: 4/86 [two-headed ogre/+0 giant club (16)]
  8538 | D:9      | Demolished by a two-headed ogre

Illustrated notes

Levels and vault maps discovered:
D:1:      minmay_arrival_open_corners, layout_basic, minmay_small_reverse_x
D:2:      layout_basic, general_overflow_altar
D:3:      layout_basic, uniq_natasha
D:4:      layout_loops_cross, minmay_temple_entry_hall, portal_sewer_entry_b,
          minmay_tree_intersection, bloody_trog
D:5:      layout_basic, gammafunk_ghost_necromancy, glass_columns_a,
          kennysheep_small_square, uniq_ijyb, uniq_eustachio
D:6:      layout_loops_ring, tso_oasis_becter, centaur_isle
D:7:      layout_rooms, roderic_batcave, uniq_prince_ribbit1
D:8:      layout_loops_ring, serial_shops, nicolae_shop_crystal, kennysheep_mini
D:9:      layout_stronghold, nicolae_dithmenos_the_darkroom, old_standard_altar,
          marbit_many_paths, okawaru_ov_weapons_minmay,
          nicolae_ru_path_of_blood, erik_orc_2, st_stairs_2, uniq_psyche
Temple:   bh_familiar_temple

Skill      XL: |  1  2  3  4  5  6  7  8  9 10 |
---------------+-------------------------------+-----
Staves         | 4 5 6 7 9 10 | 10.3
Dodging        | 4 5 6 7 |  7.1
Fighting       | 3 4 5 6 7 |  7.0
Armour         | 1 2 3 5 6 |  6.3
Throwing       | 3 4 5 |  5.8
Invocations    | 2 3 |  3.5
Evocations     | 2 3 |  3.2

Action                   |  1- 3 |  4- 6 |  7- 9 | 10-12 || total
-------------------------+-------+-------+-------+-------++-------
Melee: Quarterstaff      |    69 |   146 |   302 |    32 ||   549
       Headbutt          |     7 |    23 |    99 |    13 ||   142
Throw: Throwing net      |       |       |     2 |     1 ||     3
Evoke: Wand              |       |       |     1 |       ||     1
  Use: Scroll            |       |       |    16 |       ||    16
       Potion            |       |       |    10 |       ||    10
Armor: Leather armour    |    11 |     4 |       |       ||    15
       Plate armour      |       |   102 |   176 |    13 ||   291
       Scale mail        |       |     2 |       |       ||     2
Dodge: Dodged            |    48 |   105 |   232 |    22 ||   407
